woodfighter, neutral female gnomish Archeologist ----- ####*## |...| -.------. -....--.---------- --- |...| |.-..|..|..+....+...(.|..|..+ ..| |.<.-# |.......|..........|........|.... |...|# |.---.|..---........+..+...-.....` |...|# # ........................[.......| --|--# * #+...+.-...+..........+..--|-- ..####### # # `##*..................{.....|...| | ` #### # *##+.....|..|........%.....|(.%| ## ## #####...-..-|---.-......|.._@|!..| ### *****# #* ..............{.........|.*I| ## ##*`### |.------+..------..|@-------- ##### #*##* |.|..%.|...|(((.@..@....| #---+-. *###`##`..-..%+|...|(] |u.+....| #|....|#### ## *#..|*%..|...|( |....d..| #|.....##########..-------..------.......------ | #.....| *##* # #|...............................| ------# # *### .----.............-.........--- woodfighter the Investigator Experience level: 7 Strength: 16 Dexterity: 13 Constitution: 14 Intelligence: 13 Wisdom: 13 Charisma: 11 Health: 0(50) Energy: 52(52) Def: 10 Gold: 0 Moves: 6143 Dungeon seed: GEQf4g35yr7sdFB7 Game ID: woodfighter_1558858325 Your Inventory: Weapons a - a very corroded +3 aklys (weapon in hand) h - a +0 boomerang (in quiver) Armor n - an uncursed +0 pair of leather gloves (being worn) C - an uncursed +0 elven mithril-coat (being worn) N - an uncursed +0 pair of water walking boots (being worn) Comestibles b - 4 uncursed food rations m - 4 uncursed tripe rations H - 2 uncursed lichen corpses I - an uncursed cream pie Tools s - an uncursed bag of holding y - an uncursed lock pick X - a frost horn (0:4) Gems e - an uncursed aquamarine q - an uncursed jade Q - an uncursed touchstone Contents of the bag of holding: 2 uncursed eucalyptus leaves an uncursed sprig of wolfsbane a +0 pick-axe Spells and supernatural/magical abilities: Name Level Category Fail Memory W - pray for help -- divine ? -- Your skills at the end: Miscellaneous Skills wands [Basic] Weapon Skills pick-axe [Basic] club [Basic] crossbow [Basic] boomerang [Basic] whip [Basic] Spellcasting Skills Final Attributes: You were devoutly aligned. You were poison resistant. Your writing hand was ok. You were telepathic. You had infravision. You were very stealthy. You could walk on water. You were protected. You were fast. You were unlucky. Camaxtli was angry with you. You are dead. Vanquished creatures: a giant mimic a large mimic a leather golem a giant beetle 3 winter wolf cubs a gold golem a housecat a yellow light a Mordor orc 2 Uruk-hai 2 fog clouds a shrieker a violet fungus 3 elf zombies a giant ant a floating eye 2 kittens a homunculus 2 kobold lords 5 iguanas a jitterbug 2 giant bats an orc zombie a dwarf zombie 3 killer bees 3 coyotes 6 hobbits an acid blob 4 geckos 5 hobgoblins 6 giant rats 4 cave spiders a brown mold a yellow mold 2 green molds 2 red molds 2 gnomes 4 garter snakes 8 manes a gnome zombie 14 jackals 3 foxes 4 kobolds 11 newts 7 goblins 5 sewer rats 3 grid bugs 3 bats 14 lichens 7 kobold zombies 161 creatures vanquished. Voluntary challenges: You did not cause conflict. You were not invisible. You did not have reflection. You were not displaced. You had been an atheist until turn 2488. You used a wielded weapon 285 times, starting on turn 14. You did not apply a unicorn horn. You did not use plumbed fixtures. You did not drink any magical draughts. You read items or engraved 3 times, starting on turn 2487. You never genocided any monsters. You polymorphed 1 item, starting on turn 6064. You never changed form. You cheated 1 time but completed Sokoban on turn 4114. You used no wishes. You never split a pudding. You never wrote Elbereth's name. You never violated your personal moral code. Dungeon overview: The Dungeons of Doom: levels 1 to 6 Level 1 some fountains a long staircase Level 2 an armor shop Level 3 a general store, a fountain stairs to The Gnomish Mines Level 4 (stash) a general store, a fountain Level 5 many fountains Level 6 (vault) stairs to Sokoban The Gnomish Mines: levels 4 to 7 Level 4 stairs to The Dungeons of Doom Level 5 Level 6 Level 7 <- You were here some shops, a temple to Camaxtli, a magic chest, some fountains Sokoban: levels 2 to 5 Level 2 a magic chest Level 3 Level 4 (eye) Level 5 an altar to Quetzalcoatl, a magic chest stairs to The Dungeons of Doom History has recorded: On T:1 you entered the Dungeons of Doom to retrieve the Amulet of Yendor! On T:103 you reached level 2 of The Dungeons of Doom. On T:354 you advanced to experience level 2. On T:361 you reached level 3 of The Dungeons of Doom. On T:579 you advanced to experience level 3. On T:588 you reached level 1 of The Gnomish Mines. On T:605 you reached level 4 of The Dungeons of Doom. On T:821 you reached level 5 of The Dungeons of Doom. On T:1336 you advanced to experience level 4. On T:1431 you reached level 6 of The Dungeons of Doom. On T:1535 you advanced to experience level 5. On T:1730 you reached level 4 of Sokoban. On T:2467 you advanced to experience level 6. On T:2486 you opened a magic chest. On T:2824 you reached level 3 of Sokoban. On T:3031 you reached level 2 of Sokoban. On T:3320 you reached level 1 of Sokoban. On T:4114 you entered the Sokoban zoo. On T:4282 you prayed to Camaxtli. On T:4832 you reached level 3 of The Gnomish Mines. On T:4854 you reached level 2 of The Gnomish Mines. On T:4863 you advanced to experience level 7. On T:5265 you reached level 4 of The Gnomish Mines. On T:5308 you prayed to Camaxtli. On T:5645 you prayed to Camaxtli. On T:6042 you entered the Minetown temple Score breakdown: Gold: 0 ( 0 points) Experience: 7 levels ( 600 points) Exploration: 7 levels ( 180 points) Discoveries: 24 items ( 1200 points) Variety of kills: 50 monsters ( 2000 points) Major goal: finished Sokoban ( 1000 points) Survival: died (score multiplied by 3) Total score: 14940 Latest messages: You can only throw one item at a time. Never mind. You can only throw one item at a time. Never mind. You drop 1500 gold pieces. Izchak zaps a wand of magic missile! The magic missile hits you! The magic missile bounces! You don't have that object. Izchak catches the gold. "Thanks, scum!" $ - 1500 gold pieces. Izchak zaps a wand of magic missile! The magic missile hits you! You die... Izchak comes and takes all your possessions. Final status: Goodbye woodfighter the Archeologist, killed by a magic missile... You died in The Gnomish Mines on dungeon level 7 with 14940 points, and 0 pieces of gold, after 6143 moves. You were level 7 with a maximum of 50 hit points when you died.